 Dungeon Crawl Stone Soup version 0.18.1-48-g4cf74bf (webtiles) character file.

94 Abalos the Skirmisher (level 4, -9/36 HPs)
             Began as a Demonspawn Fighter on Aug 21, 2016.
             Mangled by Crazy Yiuf
             ... wielding a +2 quarterstaff of chaos
              (18 damage)
             ... on level 3 of the Dungeon.
             The game lasted 00:04:47 (1578 turns).

Abalos the Skirmisher (Demonspawn Fighter)          Turns: 1578, Time: 00:04:48

Health: -9/36      AC:  9    Str: 17    XL:     4   Next: 38%
Magic:  4/4        EV:  7    Int:  9    God:
Gold:   102        SH:  9    Dex: 17    Spells: 0 memorised, 3 levels left

rFire  + . .     SeeInvis .     a - +0 war axe
rCold  . . .     Gourm    .     b - +0 scale mail
rNeg   . . .     Faith    .     c - +0 shield
rPois  .         Spirit   .     (no helmet)
rElec  .         Dismiss  .     h - +0 cloak
rCorr  .         Reflect  .     k - +0 pair of gloves
SustAt .         Harm     .     (no boots)
MR     .....                    (no amulet)
Stlth  +.........               (no ring)
                                (no ring)

@: not resistant to hostile enchantments, very unstealthy
A: thin skeletal structure 2, fire resistance 1
a: no special abilities


You were on level 3 of the Dungeon.
You were very full.

You visited 1 branch of the dungeon, and saw 3 of its levels.

You collected 102 gold pieces.

Inventory:

Hand Weapons
 a - a +0 war axe (weapon)
 m - a +1 dagger of holy wrath
Armour
 b - a +0 scale mail (worn)
 c - a +0 shield (worn)
 h - a +0 cloak (worn)
 k - a +0 pair of gloves (worn)
Wands
 o - a wand of random effects (13/48)
Scrolls
 e - 4 scrolls of identify {unknown}
 i - a scroll of teleportation {unknown}
 j - 2 scrolls of amnesia {unknown}
 l - 3 scrolls of remove curse {unknown}
Potions
 d - a potion of might
 g - 2 potions of brilliance {unknown}
 n - 2 potions of lignification {unknown}
 q - a potion of cure mutation {unknown}
Comestibles
 f - 2 bread rations
 p - a beef jerky


   Skills:
 + Level 3.6 Fighting
 + Level 2.4 Axes
 + Level 3.1 Armour
 + Level 1.0 Dodging
 + Level 3.3 Shields


You had 3 spell levels left.
You didn't know any spells.

Dungeon Overview and Level Annotations

Branches:
Dungeon (3/15)

Altars:
Xom

Annotations:
D:3 Crazy Yiuf


Innate Abilities, Weirdness & Mutations

You have a moderately thin skeletal structure (Dex +4, Stealth+).
Your flesh is heat resistant.


Message History

You completely miss the fungus.
The fungus is severely damaged.
You hit the fungus.
The fungus is almost destroyed.
You slash the fungus!
You destroy the fungus!
Found a mace.
Crazy Yiuf the Enlightened comes into view.
He is wielding a quarterstaff of chaos.
Crazy Yiuf shouts!
Crazy Yiuf drinks a potion.
Crazy Yiuf flickers and vanishes!
Deactivating autopickup; reactivate with Ctrl-A.
Something hits you!
You miss something. Something hits you but does no damage. Something hits you.
* * * LOW HITPOINT WARNING * * *
Something freezes you.
* * * LOW HITPOINT WARNING * * *
You closely miss something. Something hits you but does no damage.
You are electrocuted!
Ouch! That really hurt!
You die...

####
#######...
#....##†#.
#.#.....#.
#####
#.#######.
#)..#
#......##.
#...#
######.##.
#...# ###
#.#.. #@#
#.# #.###
♣.♣♣
#.######.###
♣♣.♣
#.......>())
♣.♣♣
#.######'###
♣♣.♣
#.#.........
♣♣.♣♣
#.#........#
♣♣...♣
#.#........#
♣P♣..♣
###........#
##..##
#........#


There were no monsters in sight!

Vanquished Creatures
  4 adders
  An ooze (D:1)
  A worm (D:2)
  A dart slug (D:2)
  2 giant geckos
  An orc (D:3)
  4 giant cockroaches
  2 goblins
  8 hobgoblins
  2 jackals (D:2)
  4 bats
  5 giant newts
  7 kobolds
  7 rats
  4 fungi (D:3)
53 creatures vanquished.

Vanquished Creatures (others)
  A kobold (D:1)
1 creature vanquished.

Grand Total: 54 creatures vanquished

Notes
Turn   | Place    | Note
--------------------------------------------------------------
     0 | D:1      | Abalos the Demonspawn Fighter began the quest for the Orb.
     0 | D:1      | Reached XP level 1. HP: 18/18 MP: 1/1
   118 | D:1      | Gained mutation: Your flesh is heat resistant. [demonic ancestry]
   118 | D:1      | Reached XP level 2. HP: 15/24 MP: 2/2
   747 | D:2      | Gained mutation: You have a somewhat thin skeletal structure (Dex +2, Stealth). [demonic ancestry]
   747 | D:2      | Reached XP level 3. HP: 19/29 MP: 3/3
   776 | D:2      | Found a shimmering altar of Xom.
  1123 | D:2      | Reached skill level 1 in Dodging
  1123 | D:2      | Gained mutation: You have a moderately thin skeletal structure (Dex +4, Stealth+). [demonic ancestry]
  1123 | D:2      | Reached XP level 4. HP: 15/35 MP: 4/4
  1573 | D:3      | Noticed Crazy Yiuf
  1578 | D:3      | Mangled by Crazy Yiuf

Skill      XL: |  1  2  3 |
---------------+----------+-----
Shields        | 3 |  3.3
Armour         | 3 |  3.1
Axes           | 2 |  2.4
Dodging        | 1 |  1.0
Fighting       | |  3.6

Action                   |  1- 3 |  4- 6 || total
-------------------------+-------+-------++-------
Melee: War axe           |   135 |    71 ||   206
  Eat: Meat ration       |       |     1 ||     1
       Bread ration      |       |     1 ||     1
Armor: Scale mail        |    73 |    23 ||    96
Dodge: Dodged            |    41 |    18 ||    59
Block: Shield            |    83 |    27 ||   110
